AoeStats
← DoYouThinkThatsWise

Arabian Desert

510287830Analyzed
1v1 RM · 20h ago on Sep 30, 2026· 64m 8s· 2 players
Game mode
Random Map
Map size
Tiny (2 player)
Population
200
Speed
Normal
Resources
Standard
Victory
Conquest
Starting age
Dark Age
Ending age
Imperial Age
RankedLock teamsTeams togetherTeam positionsShared explorationLock speedFull tech treeHidden civsTurbo modeCheats
Victory
Defeat
🇬🇧 Mongols · United Kingdom
1277
+16
🇫🇷 Magyars · France
1272
-16
Arkelas
5:42 Loom
9:03 Feudal Age
9:31 Double-Bit Axe
9:57 Horse Collar
17:29 Wheelbarrow
21:15 Castle Age
19:56 Scale Barding Armor
20:38 Bloodlines
21:05 Gold Mining
22:47 Chain Barding Armor
23:03 Husbandry
24:49 Bow Saw
25:55 Elite Skirmisher
27:47 Padded Archer Armor
28:16 Fletching
33:06 Bodkin Arrow
34:12 Ballistics
38:25 Imperial Age
38:30 Leather Archer Armor
39:37 Conscription
40:06 Gold Shaft Mining
39:22 Stone Mining
41:03 Chemistry
39:55 Cavalier
41:20 Pikeman
42:19 Scale Mail Armor
44:00 Corvinian Army
45:06 Two-Man Saw
44:40 Halberdier
46:17 Chain Mail Armor
46:03 Bracer
49:32 Paladin
52:10 Siege Engineers
56:41 Light Cavalry
57:49 Hand Cart
57:37 Heavy Plow
63:01 Town Watch
DoYouThinkThatsWise
5:57 Loom
8:49 Feudal Age
10:21 Double-Bit Axe
16:20 Scale Barding Armor
21:48 Castle Age
20:22 Horse Collar
21:05 Padded Archer Armor
20:55 Fletching
22:44 Thumb Ring
23:25 Husbandry
23:17 Pikeman
23:34 Pikeman
26:46 Squires
27:46 Wheelbarrow
27:37 Bodkin Arrow
28:12 Bow Saw
28:32 Scale Mail Armor
32:04 Bloodlines
33:04 Wheelbarrow
32:58 Ballistics
34:43 Leather Archer Armor
39:07 Imperial Age
40:18 Conscription
40:55 Chain Barding Armor
40:43 Heavy Camel Rider
41:57 Heavy Plow
43:12 Hand Cart
43:13 Town Watch
44:35 Hoardings
44:17 Forging
46:39 Iron Casting
46:08 Elite Skirmisher
46:52 Bracer
47:54 Town Patrol
49:07 Chemistry
48:19 Masonry
51:26 Blast Furnace
52:04 Siege Engineers
51:56 Murder Holes
52:42 Chain Mail Armor
54:20 Gold Mining
54:20 Stone Mining
61:20 Drill
61:05 Nomads
61:39 Arson
62:27 Plate Mail Armor
Connection lost

Rejoining the realm…

Still unreachable

The connection could not be restored.

Session expired

The server has moved on; the page needs a fresh start.